 Dungeon Crawl Stone Soup version 0.29-a0-824-gd827844252 (webtiles) character file.

Game seed: 15889625131836521911

53 indigestion the Sneak (level 3, 0/21 HPs)
             Began as an Octopode Fire Elementalist on July 10, 2022.
             Slain by Sigmund
             ... wielding a +1 scythe of venom
              (12 damage)
             ... on level 2 of the Dungeon.
             The game lasted 00:03:14 (1473 turns).

indigestion the Sneak (Octopode Fire Elementalist)  Turns: 1473, Time: 00:03:18

Health: 0/21       AC:  1    Str:  7    XL:     3   Next: 87%
Magic:  4/6        EV: 13    Int: 19    God:
Gold:   84         SH:  0    Dex: 12    Spells: 5/6 levels left

rFire   . . .      SeeInvis .   e - +2 short sword (venom)
rCold   . . .      Faith    .   (no shield)
rNeg    . . .      Spirit   .   (helmet restricted)
rPois   .          Reflect  .   (no amulet)
rElec   .          Harm     .   g - ring of wizardry
rCorr   .          Rampage  .   (no ring)
Will    .....                   (no ring)
Stlth   +++.......              (no ring)
HPRegen 0.07/turn               (no ring)
MPRegen 0.10/turn               (no ring)
                                (no ring)
                                (no ring)

@: no status effects
A: almost no armour, amphibious, 8 rings, camouflage 1, gelatinous body 1,
(nimble swimmer 1), tentacles
a: no special abilities


You were on level 2 of the Dungeon.
You visited 1 branch of the dungeon, and saw 2 of its levels.

You collected 84 gold pieces.

Inventory:

Hand Weapons
 e - a +2 short sword of venom (weapon)
Missiles
 f - a throwing net
Magical Staves
 m - a staff of conjuration
Jewellery
 g - a ring of wizardry (left tentacle)
Scrolls
 d - a scroll of immolation {unknown}
 i - a scroll of poison {unknown}
 j - a scroll of brand weapon {unknown}
 k - 2 scrolls of blinking {unknown}
 l - a scroll of magic mapping {unknown}
 n - 2 scrolls of identify {unknown}
Potions
 a - a potion of magic
 b - 4 potions of curing {unknown}
 c - 2 potions of mutation {unknown}
 h - a potion of degeneration {unknown}


   Skills:
 + Level 2.5 Dodging
 + Level 3.4 Stealth
 + Level 2.4 Spellcasting
 + Level 1.7 Conjurations
 + Level 3.3 Fire Magic


You had 5 spell levels left.
You knew the following spells:

 Your Spells              Type           Power      Damage    Failure   Level
a - Foxfire               Conj/Fire      48%        2x1d6     2%          1

Your spell library contained the following spells:

 Spells                   Type           Power      Damage    Failure   Level
 Scorch                   Fire           30%        2d7       2%          2
 Conjure Flame            Conj/Fire      12%        6-21      7%          3
 Inner Flame              Hex/Fire       8%         N/A       10%         3
 Flame Wave               Conj/Fire      12%        2d6       22%         4


Dungeon Overview and Level Annotations

Branches:
Dungeon (2/15)

Altars:

Annotations:
D:2 Sigmund


Innate Abilities, Weirdness & Mutations

You cannot wear most types of armour.
You are amphibious.
You can wear up to eight rings at the same time.
Your skin changes colour to match your surroundings (Stealth+).
Your rubbery body absorbs attacks. (AC +1, EV +1)
((You are camouflaged when in or above water. (Stealth+)))
You have tentacles for arms and can constrict up to eight enemies at once.


Message History

Magic restored.
You start resting.
HP restored.
You now have 84 gold pieces (gained 10).
You open the door.
There is an open door here.
You open the door.
A hobgoblin and 2 goblins come into view.
Found four items.
Sigmund the Dreaded comes into view.
He is wielding a +1 scythe of venom.
Found 8 stones.
There is an open door here.
Sigmund shouts!
The goblin shouts!
The hobgoblin shouts!
The goblin unwields a +0 dagger.
The goblin wields a +0 sling.
The goblin shoots a sling bullet.
The sling bullet completely misses you. Sigmund completely misses you.
You hit Sigmund but do no damage.
Sigmund is poisoned.
You grab Sigmund.
You constrict Sigmund, but do no damage.
The goblin barely misses you. Sigmund closely misses you.
You release your grip on Sigmund.
The goblin hits you with a +0 club. The hobgoblin attacks as you move away!
The hobgoblin hits you. The goblin attacks as you move away!
The goblin hits you with a +0 club.
There is an open door here.
Casting: Foxfire (safe; 2% risk of failure)
Confirm with . or Enter, or press ? or * to list all spells.
You conjure some foxfire!
Sigmund misses you.
You barely miss the goblin. Your grab misses the goblin.
The foxfire hits the hobgoblin.
The hobgoblin is almost dead.
The foxfire hits the hobgoblin.
You kill the hobgoblin!
The goblin shoots a sling bullet.
The sling bullet closely misses you. Sigmund misses you. The goblin misses you.
Casting: Foxfire (safe; 2% risk of failure)
Confirm with . or Enter, or press ? or * to list all spells.
You conjure some foxfire!
The goblin shoots a sling bullet.
The sling bullet barely misses you.
Sigmund hits you from afar with a +1 scythe of venom!
Ouch! That really hurt!
You die...

#.##.#.####.#
#.###.## #.# #.# #.#
#.# #.# #.#####.#
##### #.#
#.....#.#### ##?..##
#.# #####.......
#.....##### ###.####
#...?.#gv### #.#
#....g'@.'.# #.#
#$?..@#v§#.########.#
#....(####..........#
##)?.## ############
#####


You could see Sigmund (poisoned) and 2 goblins.

Vanquished Creatures
  An adder (D:2)
  2 dart slugs (D:1)
  3 ball pythons
  4 endoplasms
  A giant cockroach (D:1)
  3 goblins
  6 hobgoblins
  3 kobolds
  3 quokkas
  A bat (D:1)
  3 frilled lizards
  5 rats
  A spectral kobold (D:1)
36 creatures vanquished.

Vanquished Creatures (others)
  44 foxfires
44 creatures vanquished.

Grand Total: 80 creatures vanquished

Notes
Turn   | Place    | Note
-------+----------+-------------------------------------------
     0 | D:1      | indigestion the Octopode Fire Elementalist began the quest
                  | for the Orb.
     0 | D:1      | Reached XP level 1. HP: 11/11 MP: 3/3
    78 | D:1      | Found a faded altar of an unknown god.
    82 | D:1      | Reached XP level 2. HP: 13/17 MP: 5/5
   378 | D:1      | Reached XP level 3. HP: 21/21 MP: 0/6
  1464 | D:2      | Noticed Sigmund
  1473 | D:2      | Slain by Sigmund

Illustrated notes

Levels and vault maps discovered:
D:1:      amcnicky_arrival_feature_with_door, layout_rooms,
          dreamdust_ecumenical_altar_drowned_temple
D:2:      layout_loops_ring, minmay_goblin_kobold_house, uniq_sigmund

Skill      XL: |  1  2 |
---------------+-------+-----
Stealth        | 3 |  3.4
Dodging        | |  2.5
Spellcasting   | |  2.4
Conjurations   | |  1.7
Fire Magic     | |  3.3

Action                   || total
-------------------------++-------
Melee: Unarmed           ||     5
       Tentacles         ||     7
       Constrict         ||     9
       Short sword       ||    20
 Cast: Foxfire           ||    26
 Stab: Sleeping          ||     7
Dodge: Dodged            ||    16

Table legend: (Time is in decaauts)
 A = Elapsed time spent in this place.
 B = Non-inter-level travel time spent in this place.
 C = Inter-level travel time spent in this place.
 D = Time resting spent in this place.
 E = Time spent auto-exploring this place.
 F = Levels seen in this place.
 G = Mean time per level.
                   A        B        C        D        E       F      G
               +--------+--------+--------+--------+--------+-----+--------+
         Total |   1473 |   1442 |     31 |    263 |    931 |   2 |  736.5 |
       Dungeon |   1473 |   1442 |     31 |    263 |    931 |   2 |  736.5 |
               +--------+--------+--------+--------+--------+-----+--------+

Top non-repeatable levels by time:
     D:1: 765 daAuts
     D:2: 708 daAuts
